AoeStats
← The_Nameless

MegaRandom

506458159Analyzed
2v2 RM · 18d ago on Sep 13, 2026· 29m 41s· 4 players
Game mode
Random Map
Map size
Medium (4 player)
Population
200
Speed
Normal
Resources
Standard
Victory
Conquest
Starting age
Dark Age
Ending age
Imperial Age
RankedLock teamsTeams togetherTeam positionsShared explorationLock speedFull tech treeHidden civsTurbo modeCheats
Victory
Defeat
🇬🇧 Franks · United Kingdom
734
+14
🇬🇧 Goths · United Kingdom
734
+14
🇮🇳 Bohemians · India
707
-14
🇨🇭 Burgundians · Switzerland
691
-14
Vitli
12:44 Feudal Age
pussy noodles
18:52 Feudal Age
26:19 Castle Age
24:07 Horse Collar
24:14 Double-Bit Axe
26:45 Padded Archer Armor
26:59 Town Watch
29:31 Pikeman
30:12 Squires
29:57 Arson
ilovetodestroy
14:27 Feudal Age
15:02 Double-Bit Axe
15:00 Horse Collar
15:29 Gold Mining
17:41 Forging
19:52 Castle Age
17:58 Man-at-Arms
21:57 Heavy Plow
22:09 Bow Saw
28:56 Anarchy
The_Nameless
9:18 Feudal Age
10:09 Loom
11:15 Loom
12:20 Wheelbarrow
21:44 Castle Age
20:34 Scale Barding Armor
20:23 Double-Bit Axe
21:50 Fishing Lines
24:21 Husbandry
24:36 Forging
24:47 Chain Barding Armor
25:15 Bow Saw
26:33 Fishing Lines
29:19 Iron Casting
Connection lost

Rejoining the realm…

Still unreachable

The connection could not be restored.

Session expired

The server has moved on; the page needs a fresh start.